 Dungeon Crawl Stone Soup version 0.23-a0-641-g0a7f1ce553 (webtiles) character file.

487 LLavrengius the Covert (level 6, -4/42 HPs)
             Began as a Vampire Enchanter on Dec 30, 2018.
             Was an Initiate of Dithmenos.
             Slain by Menkaure (14 damage)
             ... on level 5 of the Dungeon.
             The game lasted 00:11:19 (4833 turns).

LLavrengius the Covert (Vampire Enchanter)          Turns: 4833, Time: 00:11:19

Health: -4/42      AC:  9    Str:  8    XL:     6   Next: 89%
Magic:  9/9        EV: 18    Int: 18    God:    Dithmenos [......]
Gold:   268        SH:  5    Dex: 22    Spells: 0/9 levels left

rFire    . . .     SeeInvis +   e - +0 short sword (venom)
rCold    + + +     Gourm    .   t - +0 buckler
rNeg     + + +     Faith    .   b - +0 robe
rPois    ∞         Spirit   .   s - +2 helmet
rElec    .         Reflect  .   (no cloak)
rCorr    .         Harm     .   (no gloves)
MR       .....                  (no boots)
Stlth    ++++++++..             (no amulet)
HPRegen  0.00/turn              p - +4 ring of protection
MPRegen  0.11/turn              (no ring)

@: agile, very slightly contaminated, bloodless, non-regenerating, invisible
A: fangs 3, thin skeletal structure 1, see invisible, cold resistance 1,
unbreathing
a: Bat Form, Renounce Religion


You were on level 5 of the Dungeon.
You worshipped Dithmenos.
Dithmenos was noncommittal.
You were bloodless.

You visited 2 branches of the dungeon, and saw 6 of its levels.

You collected 268 gold pieces.

Inventory:

Hand Weapons
 a - a +1 dagger
 e - a +0 short sword of venom (weapon)
Missiles
 j - 4 tomahawks (quivered)
Armour
 b - a +0 robe (worn)
 s - a +2 helmet (worn)
 t - a +0 buckler (worn)
Jewellery
 p - a +4 ring of protection (left hand)
Scrolls
 f - 3 scrolls of teleportation {unknown}
 h - 2 scrolls of amnesia {unknown}
 i - a scroll of remove curse {unknown}
 l - a scroll of identify {unknown}
 n - a scroll of fog {unknown}
 r - 4 scrolls of enchant armour {unknown}
 u - a scroll of fear {unknown}
Potions
 c - a potion of invisibility
 d - 6 potions of blood
 o - a potion of curing


   Skills:
 + Level 0.8 Fighting
 + Level 1.7 Short Blades
 - Level 2.1 Dodging
 + Level 8.8 Stealth
 * Level 1.3 Shields
 - Level 2.0 Spellcasting
 - Level 8.0 Hexes


You couldn't memorise any spells.
You knew the following spells:

 Your Spells              Type           Power        Failure   Level  Hunger
a - Corona                Hex            ####...      1%          1    #......
b - Ensorcelled Hibernat  Hex/Ice        ###...       8%          2    ###....
c - Confuse               Hex            ####....     2%          3    ###....
d - Tukima's Dance        Hex            ####....     2%          3    ###....

Your spell library contained the following spells:

 Spells                   Type           Power        Failure   Level  Hunger
 Dazzling Spray           Conj/Hex       ###...       14%         3    ###....


Dungeon Overview and Level Annotations

Branches:
Dungeon (5/15)             Temple (1/1) D:4

Altars:
Ashenzari
Cheibriados
Dithmenos
Elyvilon
Fedhas
Gozag
Hepliaklqana
Makhleb
Nemelex Xobeh
Qazlal
Ru
Sif Muna
Uskayaw
Vehumet
Wu Jian
Yredelemnul
The Shining One

Annotations:
D:3 3 runed doors, Fandomethor's ghost, amateur HOMo
D:5 Menkaure


Innate Abilities, Weirdness & Mutations

You do not heal naturally.
You are immune to poison.
You have razor-sharp teeth.
You have supernaturally acute eyesight. (SInv)
You can survive without breathing.
You have a somewhat thin skeletal structure. (Dex +2, Stealth)
Your flesh is cold resistant. (rC+)


Message History

You hit Menkaure but do no damage.
Menkaure is severely damaged.
Menkaure closely misses you. You block the shadow imp's attack.
You hit Menkaure.
Menkaure is severely damaged.
The shadow imp misses you.
Menkaure casts a spell.
Menkaure seems to speed up.
You hit Menkaure.
Menkaure is almost destroyed.
The shadow imp misses you. Menkaure barely misses you.
You hit Menkaure but do no damage.
Menkaure is almost destroyed.
You block Menkaure's attack. The shadow imp closely misses you.
You barely miss Menkaure.
Menkaure is almost destroyed.
Menkaure barely misses you. The shadow imp hits you.
* * * LOW HITPOINT WARNING * * *
Menkaure hits you!
You die...

..# ... #...# # ..#.
#._.# ### #... ##.. .
###[### ##... ..#
##8...8### ###....
....###........###......
...?..................##
#.....M@...........#.##
###..#5#......#.###### #
######..#### ####


You could see Menkaure and a shadow imp.

Vanquished Creatures
  A centaur (D:5)
  A scorpion (D:4)
  A crimson imp (D:3)
  A hound (D:4)
  A bullfrog skeleton (D:4)
  An iguana (D:4)
  3 worker ants
  A hound zombie (D:5)
  A howler monkey skeleton (D:4)
  6 adders
  A worm (D:3)
  5 dart slugs
  7 orcs
  A ball python (D:3)
  5 giant cockroaches
  4 goblins
  8 hobgoblins
  8 jackals
  4 bats
  4 frilled lizards
  5 kobolds
  4 rats
73 creatures vanquished.

Notes
Turn   | Place    | Note
-------+----------+-------------------------------------------
     0 | D:1      | LLavrengius the Vampire Enchanter began the quest for the
                  | Orb.
     0 | D:1      | Reached XP level 1. HP: 13/13 MP: 3/3
   166 | D:1      | Reached XP level 2. HP: 19/19 MP: 5/5
   170 | D:1      | Learned a level 2 spell: Ensorcelled Hibernation
   178 | D:1      | Reached skill level 5 in Stealth
   382 | D:1      | Reached skill level 5 in Hexes
  1190 | D:2      | Found a faded altar of an unknown god.
  1193 | D:2      | Reached XP level 3. HP: 19/24 MP: 6/6
  1690 | D:2      | Reached XP level 4. HP: 14/30 MP: 7/7
  1975 | D:2      | Found a sacrificial altar of Ru.
  2350 | D:3      | Found a runed gate.
  2350 | D:3      | Found a runed gate.
  2350 | D:3      | Found a runed gate.
  2356 | D:3      | Noticed Fandomethor's ghost (amateur HOMo)
  2483 | D:3      | Reached XP level 5. HP: 26/35 MP: 8/8
  3000 | D:4      | Noticed a phantom
  4154 | D:4      | Found a staircase to the Ecumenical Temple.
  4185 | D:4      | Found an ornate altar of the Wu Jian Council.
  4353 | Temple   | Entered the Ecumenical Temple
  4358 | Temple   | Became a worshipper of Dithmenos the Shadowed
  4457 | D:4      | Reached XP level 6. HP: 39/41 MP: 9/9
  4645 | D:4      | Learned a level 3 spell: Confuse
  4649 | D:4      | Learned a level 3 spell: Tukima's Dance
  4699 | D:5      | Entered Level 5 of the Dungeon
  4737 | D:5      | Found a white marble altar of Elyvilon.
  4738 | D:5      | Found a blossoming altar of Fedhas.
  4740 | D:5      | Found a radiant altar of Vehumet.
  4741 | D:5      | Found a snail-covered altar of Cheibriados.
  4773 | D:5      | Reached skill level 1 in Shields
  4803 | D:5      | Found a glowing golden altar of the Shining One.
  4804 | D:5      | Noticed Menkaure
  4826 | D:5      | Gained mutation: Your flesh is cold resistant. (rC+)
                  | [potion of mutation]
  4826 | D:5      | Gained mutation: You have a somewhat thin skeletal
                  | structure. (Dex +2, Stealth) [potion of mutation]
  4833 | D:5      | Slain by Menkaure

Vault maps used:
D:1:      dpeg_arrival_circle_labyrinth_b
D:2:      chequers_ecumenical_altar_island, grunt_decor_one_mirror,
          nicolae_ru_the_path_less_chosen
D:3:      ebering_ghost_rock_garden
D:4:      minmay_inner_zag, kennysheep_little_box, temple_doors_ab
D:5:      nicolae_tso_carved_into_rock, grunt_temple_overflow_open,
          first_ration, gammafunk_ghost_smash, minmay_tree_intersection,
          uniq_sigmund, uniq_menkaure
Temple:   minmay_freezing_vapour_temple

Skill      XL: |  1  2  3  4  5  6 |
---------------+-------------------+-----
Stealth        | 5 6 7 8 |  8.8
Hexes          | 5 6 7 8 |  8.0
Shields        | 1 |  1.3
Fighting       | |  0.8
Short Blades   | |  1.7
Dodging        | |  2.1
Spellcasting   | |  2.0

Action                   |  1- 3 |  4- 6 || total
-------------------------+-------+-------++-------
Melee: Short sword       |    63 |   128 ||   191
       Dagger            |     1 |       ||     1
       Bite              |     6 |    13 ||    19
Throw: Tomahawk          |       |     1 ||     1
 Cast: Ensorcelled Hiber |     2 |    12 ||    14
  Use: Potion            |       |     7 ||     7
 Stab: Sleeping          |    12 |    27 ||    39
       Distracted        |       |     1 ||     1
  Eat: Corpse            |       |     2 ||     2
Armor: Robe              |     9 |    16 ||    25
Dodge: Dodged            |    27 |    85 ||   112
Block: Buckler           |       |     9 ||     9

Table legend:
 A = Non-vault XP
 B = Vault XP
 C = Vault XP percentage of total XP
 D = Non-vault monster count
 E = Vault monster count
 F = Vault count percentage of total count
                 A         B        C        D         E       F
            +---------+---------+-------+---------+---------+-------
      Total |     689 |       7 |   1.0 |      70 |       3 |   4.1
            +---------+---------+-------+---------+---------+-------
        D:1 |      37 |       0 |   0.0 |      19 |       0 |   0.0
        D:2 |     102 |       0 |   0.0 |      12 |       0 |   0.0
        D:3 |      96 |       0 |   0.0 |      22 |       0 |   0.0
        D:4 |     270 |       7 |   2.5 |      12 |       3 |  20.0
        D:5 |     184 |       0 |   0.0 |       5 |       0 |   0.0
            +---------+---------+-------+---------+---------+-------
